 Dungeon Crawl Stone Soup version 0.18.1-48-g4cf74bf (webtiles) character file.

123 MovingMist the Skirmisher (level 5, -3/33 HPs)
             Began as a Gargoyle Abyssal Knight on July 29, 2016.
             Was a Believer of Lugonu.
             Slain by a gnoll (6 damage)
             ... on level 3 of the Dungeon.
             The game lasted 00:04:31 (1759 turns).

MovingMist the Skirmisher (Gargoyle Abyssal Knight) Turns: 1759, Time: 00:04:32

Health: -3/33      AC: 10    Str: 15    XL:     5   Next: 7%
Magic:  7/7        EV: 10    Int: 13    God:    Lugonu [**....]
Gold:   112        SH:  0    Dex: 10    Spells: 0 memorised, 4 levels left

rFire  . . .     SeeInvis .     a - +1 mace
rCold  . . .     Gourm    .     i - +0 ring mail
rNeg   + . .     Faith    .     (no shield)
rPois  ∞         Spirit   .     (no helmet)
rElec  +         Dismiss  .     n - +0 cloak
rCorr  .         Reflect  .     (no gloves)
SustAt .         Harm     .     (no boots)
MR     .....                    g - amulet of magic regeneration
Stlth  ..........               (no ring)
                                (no ring)

@: not resistant to hostile enchantments, extremely unstealthy
A: negative energy resistance 1, electricity resistance, unbreathing,
petrification resistance, rot immunity, AC +4
a: Depart the Abyss, Bend Space, Renounce Religion


You were on level 3 of the Dungeon.
You worshipped Lugonu.
Lugonu was pleased with you.
You were not hungry.

You visited 1 branch of the dungeon, and saw 3 of its levels.
You visited the Abyss 1 time.

You collected 112 gold pieces.

Inventory:

Hand Weapons
 a - a +1 mace (weapon)
Armour
 i - a +0 ring mail (worn)
 n - a +0 cloak (worn)
Jewellery
 g - an amulet of magic regeneration (around neck)
Scrolls
 f - 2 scrolls of remove curse
 k - a scroll of teleportation {unknown}
Potions
 b - a potion of invisibility {unknown}
 d - a potion of heal wounds {unknown}
 e - a potion of magic {unknown}
 h - a potion of haste {unknown}
 j - a potion of agility {unknown}
Comestibles
 c - a bread ration
 l - 2 meat rations
 m - 4 chunks of flesh


   Skills:
 + Level 4.1 Fighting
 + Level 2.9 Maces & Flails
 + Level 3.1 Armour
 + Level 1.6 Dodging
 + Level 2.9 Invocations


You had 4 spell levels left.
You didn't know any spells.

Dungeon Overview and Level Annotations

Branches:
Dungeon (3/15)

Altars:
Qazlal


Innate Abilities, Weirdness & Mutations

You are resistant to torment.
Your stone body is resilient (AC +4).
You are immune to poison.
You resist negative energy.
You are resistant to electric shocks.
You can survive without breathing.
You are immune to petrification.
You are immune to rotting.


Message History

You have reached level 5!
The gnoll hits you. The gnoll misses you. x2
You hit the gnoll.
The gnoll is moderately wounded.
The gnoll hits you but does no damage. The gnoll barely misses you.
You hit the gnoll.
The gnoll is severely wounded.
The gnoll hits you but does no damage. The gnoll hits you.
* * * LOW HITPOINT WARNING * * *
You closely miss the gnoll.
The gnoll is severely wounded.
The gnoll hits you but does no damage. The gnoll barely misses you.
You hit the gnoll.
The gnoll is almost dead.
The gnoll barely misses you. The gnoll closely misses you. The gnoll hits you.
* * * LOW HITPOINT WARNING * * *
You barely miss the gnoll.
The gnoll is almost dead.
The gnoll closely misses you. The gnoll hits you.
You die...

##############
#............########
#.......#............
...........#.####.#.#
#)g.....#.# #<#.#
#@#..##.#.# #.#..
#..##g#..##.#.# #.###
#............>####.###
.....##.##..............
#.## ......##........###
##..##.##........#
#..##.# ........#
#..##.# #.......# .#.#
.# #........


You could see 2 gnolls.

Vanquished Creatures
  Jessica (D:2)
  2 gnolls (D:3)
  4 adders
  A giant gecko (D:3)
  4 bats
  2 giant cockroaches (D:2)
  6 goblins
  5 hobgoblins
  3 jackals (D:2)
  4 giant newts
  7 kobolds
  5 rats
44 creatures vanquished.

Notes
Turn   | Place    | Note
--------------------------------------------------------------
     0 | Abyss:1  | MovingMist the Gargoyle Abyssal Knight began the quest for the Orb.
     0 | Abyss:1  | Reached XP level 1. HP: 14/14 MP: 2/2
    14 | D:1      | Escaped the Abyss
   185 | D:1      | Reached skill level 1 in Dodging
   203 | D:1      | Reached XP level 2. HP: 3/19 MP: 3/3
   666 | D:2      | Reached XP level 3. HP: 12/23 MP: 4/4
   951 | D:2      | Reached ** piety under Lugonu
  1322 | D:2      | Noticed Jessica
  1332 | D:2      | Killed Jessica
  1332 | D:2      | Reached XP level 4. HP: 14/29 MP: 4/6
  1456 | D:2      | Found a stormy altar of Qazlal.
  1710 | D:3      | Reached skill level 4 in Fighting
  1754 | D:3      | Reached XP level 5. HP: 14/33 MP: 7/7
  1759 | D:3      | Slain by a gnoll

Skill      XL: |  1  2  3  4 |
---------------+-------------+-----
Dodging        | 1 |  1.6
Fighting       | 4 |  4.1
Armour         | 3 |  3.1
Maces & Flails | |  2.9
Invocations    | |  2.9

Action                   |  1- 3 |  4- 6 || total
-------------------------+-------+-------++-------
Melee: Mace              |   105 |    53 ||   158
  Use: Scroll            |     3 |       ||     3
  Eat: Chunk             |     1 |     2 ||     3
Armor: Leather armour    |    19 |       ||    19
       Ring mail         |    48 |    44 ||    92
Dodge: Dodged            |    71 |    38 ||   109
